 Dungeon Crawl Stone Soup version 0.28.0-43-g3370ac3207 (webtiles) character file.

Game seed: 14194496596270527112

90901 DrunkBamboolord the Severer (level 15, -2/131 HPs)
             Began as a Palentonga Fighter on Mar 7, 2022.
             Was the Champion of Okawaru.
             Killed by nerve-wracking pain
             ... invoked by an orc priest
              (6 damage)
             ... on level 14 of the Dungeon on Mar 9, 2022.
             The game lasted 01:13:00 (34655 turns).

DrunkBamboolord the Severer (Palentonga Fighter)   Turns: 34655, Time: 01:13:00

Health: -2/131     AC: 34    Str: 27    XL:     15   Next: 53%
Magic:  2/21       EV: 19    Int:  8    God:    Okawaru [******]
Gold:   2451       SH:  7    Dex: 10    Spells: 14/14 levels left

rFire   + + .      SeeInvis +   a - +3 broad axe (vorpal)
rCold   . . .      Faith    .   C - +2 buckler
rNeg    + . .      Spirit   .   M - +2 chain mail {rF+}
rPois   .          Reflect  .   A - +0 helmet
rElec   +          Harm     .   d - +1 cloak
rCorr   +          Rampage  .   n - +1 pair of gloves {infuse}
Will    +....                   K - +2 barding {rF+}
Stlth   ..........              U - amulet of the acrobat
HPRegen 0.31/turn               L - ring of the Raven {rElec rCorr}
MPRegen 0.17/turn               D - ring of positive energy

@: acrobatic, curled up
A: large, rugged brown scales 3, see invisible, deformed body, roll 1, armoured
tail, reflexive curl
a: Rolling Charge, Renounce Religion, Heroism, Finesse, Duel


You were on level 14 of the Dungeon.
You worshipped Okawaru.
Okawaru was exalted by your worship.
You visited 4 branches of the dungeon, and saw 23 of its levels.
You also visited: Ossuary and Volcano.

You collected 2624 gold pieces.
You spent 173 gold pieces at shops.

Inventory:

Hand Weapons
 a - a +3 vorpal broad axe (weapon)
 b - a +1 broad axe of flaming
Armour
 d - a +1 cloak (worn)
 g - the +2 ring mail of Beyond {Str+4}
   (Okawaru gifted it to you in a volcano)

   Str:       It affects your strength (+4).
 n - a +1 pair of gloves of infusion (worn)
 A - a +0 helmet (worn)
 C - a +2 buckler (worn)
 K - a +2 barding of fire resistance (worn)
 M - a +2 chain mail of fire resistance (worn)
 S - the +1 barding of Inevitability {Stlth+}
   (Okawaru gifted it to you on level 12 of the Dungeon)

   Stlth:     It makes you more stealthy.
Jewellery
 D - a ring of positive energy (right hand)
 L - the ring of the Raven (left hand) {rElec rCorr}
   (You found it on level 5 of the Lair of Beasts)

   [ring of resist corrosion]

   rElec:     It insulates you from electricity.
   rCorr:     It protects you from acid and corrosion.
 U - an amulet of the acrobat (around neck)
Wands
 H - a wand of digging (4)
 J - a wand of iceblast (12)
Scrolls
 c - 5 scrolls of immolation
 e - a scroll of blinking
 i - 7 scrolls of teleportation
 l - 4 scrolls of fear
 o - a scroll of silence
 w - a scroll of magic mapping
 x - 6 scrolls of vulnerability
 y - 4 scrolls of fog
Potions
 f - 2 potions of heal wounds
 h - 4 potions of flight
 j - a potion of curing
 k - 7 potions of haste
 m - 8 potions of brilliance
 r - 3 potions of might
 s - 7 potions of mutation
 u - 4 potions of resistance
 z - a potion of cancellation
 B - a potion of ambrosia
 F - 2 potions of magic
 N - a potion of invisibility {unknown}
 P - 4 potions of lignification


   Skills:
 * Level 13.0 Fighting
 * Level 18.4 Axes
 * Level 11.0 Armour
 * Level 8.5 Shields
 * Level 8.4 Invocations


You had 14 spell levels left.
You didn't know any spells.
Your spell library contained the following spells:

 Spells                   Type           Power      Damage    Failure   Level
 Magic Dart               Conj           0%         1d3       91%         1
 Ensorcelled Hibernation  Hex/Ice        0%         N/A       97%         2
 Searing Ray              Conj           0%         2d4       97%         2
 Static Discharge         Conj/Air       0%         N/A       97%         2
 Sublimation of Blood     Necr           0%         N/A       97%         2
 Confusing Touch          Hex            0%         N/A       100%        3
 Dazzling Flash           Conj/Hex       0%         N/A       100%        3
 Ignite Poison            Fire/Tmut/Pois 0%         N/A       100%        3
 Mephitic Cloud           Conj/Pois/Air  0%         N/A       100%        3
 Spider Form              Tmut/Pois      0%         N/A       100%        3
 Anguish                  Hex/Necr       0%         N/A       100%        4
 Dispel Undead            Necr           0%         3d6       100%        4
 Fulminant Prism          Conj/Hex       0%         3d6       100%        4
 Petrify                  Tmut/Erth      0%         N/A       100%        4
 Sticky Flame             Conj/Fire      0%         2d3       100%        4
 Agony                    Necr           0%         N/A       100%        5
 Fireball                 Conj/Fire      0%         3d3       100%        5
 Freezing Cloud           Conj/Ice/Air   0%         6-21      100%        5
 Irradiate                Conj/Tmut      0%         3d14      100%        5
 Iskenderun's Battlesphe  Conj           0%         2d6       100%        5
 Metabolic Englaciation   Hex/Ice        0%         N/A       100%        5
 Silence                  Hex/Air        0%         N/A       100%        5
 Yara's Violent Unravell  Hex/Tmut       0%         3d3       100%        5
 Conjure Ball Lightning   Conj/Air       0%         3x3d6     100%        6
 Eringya's Noxious Bog    Tmut/Pois      0%         N/A       100%        6
 Iron Shot                Conj/Erth      0%         9d1       100%        6
 Starburst                Conj/Fire      0%         6d3       100%        6
 Statue Form              Tmut/Erth      0%         N/A       100%        6
 Enfeeble                 Hex            0%         N/A       100%        7
 Discord                  Hex            0%         N/A       100%        8
 Disjunction              Tloc           0%         N/A       100%        8
 Ignition                 Fire           0%         3d3       100%        8
 Summon Forest            Summ/Tloc      Unusable   N/A       N/A         5
 Spellforged Servitor     Conj/Summ      Unusable   N/A       N/A         7
 Summon Hydra             Summ           Unusable   N/A       N/A         7

Dungeon Overview and Level Annotations

Branches:
Dungeon (14/15)            Temple (1/1) D:5            Lair (6/6) D:11
 Shoals (0/4) Lair:3        Snake (0/4) Lair:4        Slime (0/5) Lair:6
    Orc (2/2) D:10            Elf (0/3) Orc:2       Ossuary (visited)
Volcano (visited)
 Vaults: D:13-14

Altars:
Ashenzari
Cheibriados
Dithmenos
Elyvilon
Fedhas
Gozag
Hepliaklqana
Kikubaaqudgha
Makhleb
Nemelex Xobeh
Okawaru
Qazlal
Ru
Sif Muna
Trog
Uskayaw
Vehumet
Wu Jian
Xom
Yredelemnul
Zin
The Shining One
Beogh

Shops:
D:5 ((?((?   D:6 [   Orc:2 [(**

Portals:
Abyss: D:6
Trove: D:13 (give horn of Geryon)

Annotations:
D:6 2 transporters, kelmiir's ghost, novice DrEE
D:8 3 runed translucent doors, MrOwl's ghost, novice GnFi
D:9 exclusions: ice statue and obsidian statue


Innate Abilities, Weirdness & Mutations

You are completely covered in rugged brown scales. (AC +3, +7% HP)
You have supernaturally acute eyesight. (SInv)
Armour fits poorly on your strangely shaped body.
You can roll at nearby foes to attack.
You have a long armoured tail.
You curl defensively after being hit. (AC +7*)


Message History

The orc warrior hits you but does no damage.
You slice the deep elf zephyrmancer!!
The deep elf zephyrmancer is almost dead.
You slash the orc warrior!
The deep elf zephyrmancer casts a spell.
The deep elf zephyrmancer blinks!
The orc warrior hits you with a +0 halberd of protection!
You closely miss the deep elf zephyrmancer.
The deep elf zephyrmancer is almost dead.
You hit the orc warrior.
The deep elf zephyrmancer hits you but does no damage.
You hit the deep elf zephyrmancer but do no damage.
You tail-slap the deep elf zephyrmancer.
You kill the deep elf zephyrmancer!
Okawaru accepts your kill.
You slash the orc warrior!
You kill the orc warrior!
Okawaru accepts your kill.
Your Armour skill increases to level 11!
You hit the skeletal warrior but do no damage.
The skeletal warrior hits you but does no damage.
You hit the skeletal warrior.
The skeletal warrior is lightly damaged.
The skeletal warrior hits you with a +0 trident!
You hit the skeletal warrior but do no damage.
The skeletal warrior is lightly damaged.
You closely miss the skeletal warrior.
The skeletal warrior is lightly damaged.
The skeletal warrior hits you with a +0 trident!!
* * * LOW HITPOINT WARNING * * *
The skeletal warrior hits you from afar with a +0 trident.
* * * LOW HITPOINT WARNING * * *
Things that are here:
a +0 halberd of protection; a +0 chain mail; an orc corpse The orc priest mumbles some strange prayers to Beogh against you.
Beogh smites you!
* * * LOW HITPOINT WARNING * * *
The orc priest calls down the wrath of Beogh upon you.
Pain shoots through your body!
You die...

# ####### #.
#.)..$# #. ##)#..#
# #..#)#.#.#######
##.#..#)##).#.....#
.........z#.#.....#
##.#..#.#####.....#
......Z.z.........#
...........@......#
##.#..#o#####.....#
......... ###'###
##.#..#.## #.#
#.#..#.# #.# . #.
##. #.# #..# . #.#
# .# # ##.#
########+.# #..#


You could see a skeletal warrior, an orc priest and a centaur warrior skeleton.

Vanquished Creatures
  Kirke (Lair:5)
  An orc warlord (Orc:2)
  A fire dragon (Lair:6)
  A vault guard (D:13)
  Fannar (Orc:1)
  An ice dragon (Lair:6)
  A boulder beetle (D:11)
  A two-headed ogre (shapeshifter) (D:13)
  4 hydras
  2 centaur warriors (D:13)
  5 two-headed ogres
  A death knight (D:14)
  6 death yaks
  2 tengu warriors
  5 orc high priests (Orc:2)
  Nergalle (Orc:1)
  A hell knight (Volcano)
  A skeletal warrior (D:14)
  A deep elf archer (D:14)
  2 lindwurms (Lair:6)
  A swamp dragon (Lair:6)
  2 deep elf zephyrmancers (D:14)
  Pikel (D:5)
  2 orc knights
  4 orc sorcerers (Orc:2)
  An oklob plant (Lair:3)
  3 deep elf pyromancers
  4 manticores
  2 wolf spiders (Lair:4)
  11 ugly things
  5 cyclopes
  2 salamanders (Volcano)
  9 elephants
  3 black mambas
  2 centaur zombies (D:11)
  9 molten gargoyles
  5 gargoyles
  7 cane toads
  5 torpor snails (Lair:6)
  A rime drake (Lair:6)
  4 yaktaurs (D:14)
  An efreet (Volcano)
  7 komodo dragons
  A tengu conjurer (D:14)
  A freezing wraith (D:14)
  8 hornets
  4 trolls
  Grinder (D:5)
  3 tyrant leeches (Lair:6)
  12 slime creatures
  7 blink frogs
  4 dream sheep (Lair:5)
  2 shadows (D:11)
  Sigmund (D:3)
  3 wraiths
  7 spriggans (D:11)
  8 basilisks
  61 yaks
  2 wyverns
  6 hogs (Lair:5)
  3 steam dragons
  A warg (Orc:2)
  13 vampire mosquitoes
  8 nagas (Lair:4)
  5 acid dragons
  11 water moccasins
  Duvessa (D:4)
  4 swamp drakes
  Pargi (D:4)
  4 sky beasts
  An ice beast (D:7)
  31 orc warriors
  2 black bears
  10 wolves
  9 ogres
  5 boggarts (D:14)
  10 centaurs
  Blork the orc (D:4)
  A kobold brigand (D:8)
  6 bullfrogs
  2 gnoll sergeants
  3 scorpions
  2 water moccasin zombies (Ossuary)
  Dowan (D:4)
  4 killer bees (D:11)
  A water moccasin skeleton (D:4)
  11 wights
  3 electric eels
  3 howler monkeys (D:9)
  4 hounds
  A bullfrog skeleton (D:5)
  19 orc priests
  A gnoll shaman (D:6)
  Crazy Yiuf (D:5)
  A bullfrog zombie (D:5)
  7 jellies
  3 centaur skeletons
  3 iguanas (Lair:6)
  32 orc wizards
  2 mummies (Ossuary)
  Robin (D:4)
  6 adders
  13 gnolls
  2 white imps
  3 adder zombies (Ossuary)
  2 dart slugs
  89 orcs
  6 bats
  8 endoplasms
  6 giant cockroaches
  3 gnoll zombies (Ossuary)
  12 goblins
  6 hobgoblins
  8 jackals
  11 kobolds
  3 quokkas
  6 ball pythons
  3 frilled lizards
  9 hobgoblin zombies (Ossuary)
  4 kobold zombies (Ossuary)
  5 orc zombies (Ossuary)
  4 rats (D:1)
  A spectral orc (D:3)
  5 bushes (Lair:3)
708 creatures vanquished.

Vanquished Creatures (others)
  A hydra (Lair:6)
  Maggie (D:10)
  A yak (Lair:6)
  An orc warrior (D:10)
  An orc priest (D:10)
  2 orcs (D:10)
  2 bushes
  24 fungi
  107 plants
140 creatures vanquished.

Grand Total: 848 creatures vanquished

Notes
Turn   | Place    | Note
-------+----------+-------------------------------------------
     0 | D:1      | DrunkBamboolord the Palentonga Fighter began the quest for
                  | the Orb.
     0 | D:1      | Reached XP level 1. HP: 19/19 MP: 1/1
    67 | D:1      | Reached XP level 2. HP: 25/25 MP: 2/2
   852 | D:2      | Reached XP level 3. HP: 30/31 MP: 3/3
  1896 | D:3      | Noticed Sigmund
  1950 | D:2      | Reached XP level 4. HP: 17/37 MP: 4/4
  2188 | D:3      | Killed Sigmund
  2189 | D:3      | Reached skill level 3 in Axes
  2189 | D:3      | Reached XP level 5. HP: 36/44 MP: 5/5
  2257 | D:3      | Reached skill level 4 in Axes
  2380 | D:3      | Reached XP level 6. HP: 41/51 MP: 6/6
  2622 | D:3      | Found a faded altar of an unknown god.
  2727 | D:3      | Found a basalt altar of Yredelemnul.
  2965 | D:4      | You fall into a shaft and drop 3 floors!
  2965 | D:7      | Found a shimmering altar of Xom.
  3111 | D:6      | Noticed a water moccasin
  3120 | D:6      | Noticed a sky beast
  3121 | D:6      | Noticed an ice beast
  3122 | D:6      | Killed a sky beast
  3123 | D:6      | Reached skill level 5 in Axes
  3123 | D:6      | Gained mutation: You curl defensively after being hit. (AC
                  | +7*) [Palentonga growth]
  3123 | D:6      | Reached XP level 7. HP: 58/58 MP: 7/7
  3501 | D:7      | Found a sand-covered staircase.
  3509 | Ossuary  | Entered an ossuary
  3904 | D:7      | Reached skill level 6 in Axes
  4042 | D:7      | Reached XP level 8. HP: 26/62 MP: 8/8
  4069 | D:7      | Reached skill level 5 in Fighting
  4459 | D:6      | Reached skill level 7 in Axes
  4491 | D:6      | Found a transporter.
  4529 | D:5      | Entered Level 5 of the Dungeon
  4533 | D:5      | Found Nesas's Magic Scroll Emporium.
  4538 | D:5      | Noticed Grinder
  4539 | D:5      | Reached skill level 5 in Armour
  4551 | D:5      | Killed Grinder
  4651 | D:5      | Found Qyrukyczigh's Weapon Shoppe.
  4712 | D:4      | Noticed Pargi
  4719 | D:4      | Killed Pargi
  4720 | D:4      | Reached skill level 8 in Axes
  4948 | D:4      | Reached XP level 9. HP: 58/73 MP: 9/9
  5032 | D:4      | Noticed Robin
  5049 | D:4      | Killed Robin
  5184 | D:4      | Noticed Dowan
  5186 | D:4      | Noticed Duvessa
  5186 | D:4      | Noticed Blork the orc
  5210 | D:4      | Killed Duvessa
  5215 | D:4      | Killed Blork the orc
  5218 | D:4      | Killed Dowan
  5428 | D:4      | Identified a scroll of acquirement
  5429 | D:4      | Acquired a +1 pair of gloves of infusion
  5829 | D:4      | Identified the +0 hat "Gyrelar" {rElec rF- Str+4 Int+2}
  6058 | D:5      | Found Ymojaux's Hydra Hut.
  6064 | D:5      | Noticed a five-headed hydra
  6068 | D:5      | Bought a +1 hand axe of flaming for 173 gold pieces
  6090 | D:5      | Found Zetusoust's Magic Scroll Emporium.
  6193 | D:5      | Reached skill level 9 in Axes
  6525 | D:5      | Found a staircase to the Ecumenical Temple.
  6535 | Temple   | Entered the Ecumenical Temple
  6615 | D:5      | Reached skill level 10 in Axes
  6647 | D:5      | Found Koxzar's Weapon Shop.
  6677 | D:5      | Found Kimiuxooleb's Weapon Shop.
  6824 | D:5      | Noticed Pikel
  6835 | D:5      | Killed Pikel
  6836 | D:5      | Reached XP level 10. HP: 77/82 MP: 1/10
  7512 | D:5      | Found a runed translucent door.
  7513 | D:5      | Noticed Crazy Yiuf
  7582 | D:5      | Killed Crazy Yiuf
  7665 | D:6      | Found a transporter.
  7744 | D:6      | Found a blossoming altar of Fedhas.
  7744 | D:6      | Found a hide-covered altar of Uskayaw.
  7744 | D:6      | Found a snail-covered altar of Cheibriados.
  7818 | D:6      | Found a one-way gate to the infinite horrors of the Abyss.
  7818 | D:6      | Noticed kelmiir's ghost (novice DrEE)
  7922 | D:6      | Found a stormy altar of Qazlal.
  8088 | D:6      | Found Ynuc's Antique Armour Shop.
  8823 | D:8      | Reached skill level 11 in Axes
  9339 | D:8      | Reached skill level 5 in Shields
  9548 | D:8      | Found an iron altar of Okawaru.
  9567 | D:8      | Became a worshipper of Warmaster Okawaru
  9630 | D:8      | Found a runed translucent gate.
  9631 | D:8      | Found a runed translucent gate.
  9631 | D:8      | Found a runed translucent gate.
  9635 | D:8      | Noticed MrOwl's ghost (novice GnFi)
  9921 | D:9      | Noticed an obsidian statue
 10211 | D:9      | Found a shimmering blue altar of Sif Muna.
 10439 | D:9      | Found a bloodstained altar of Trog.
 10528 | D:9      | Paralysed by a hornet for 2 turns
 10535 | D:9      | Paralysed by a hornet for 3 turns
 10842 | D:9      | Noticed an ice statue
 11163 | D:10     | Entered Level 10 of the Dungeon
 11186 | D:10     | Noticed Maggie
 11328 | D:10     | Reached skill level 12 in Axes
 11330 | D:10     | Reached * piety under Okawaru
 11351 | D:10     | Reached XP level 11. HP: 57/89 MP: 0/11
 12396 | D:10     | Reached ** piety under Okawaru
 12400 | D:10     | Reached skill level 1 in Invocations
 12873 | D:10     | Killed Maggie
 13316 | D:10     | Found a staircase to the Orcish Mines.
 13559 | D:11     | Found a staircase to the Lair.
 13727 | D:11     | Reached *** piety under Okawaru
 13743 | D:11     | Reached skill level 13 in Axes
 13977 | D:11     | Noticed a two-headed ogre
 13987 | D:11     | Reached **** piety under Okawaru
 14356 | D:11     | Killed a two-headed ogre
 14933 | D:11     | Found a shimmering altar of Xom.
 15303 | D:11     | Noticed a boulder beetle
 15313 | D:11     | Killed a boulder beetle
 15570 | Lair:1   | Entered Level 1 of the Lair of Beasts
 15613 | Lair:1   | Reached XP level 12. HP: 23/100 MP: 10/14
 16646 | Lair:1   | Reached ***** piety under Okawaru
 17972 | Lair:3   | Reached skill level 14 in Axes
 18248 | Lair:3   | Received a gift from Okawaru
 18559 | Lair:3   | Found a staircase to the Shoals.
 18595 | Lair:3   | Found a blossoming altar of Fedhas.
 19713 | Lair:4   | Noticed a seven-headed hydra
 19721 | Lair:4   | Killed a two-headed hydra
 19820 | Lair:4   | Reached skill level 10 in Fighting
 19992 | Lair:4   | You fall into a shaft and drop 1 floor!
 20000 | Lair:5   | Noticed Kirke
 20261 | Lair:5   | Reached skill level 5 in Invocations
 20267 | Lair:5   | Identified the ring of the Raven {rElec rCorr}
 20430 | Lair:4   | Noticed a death yak
 20432 | Lair:4   | Noticed a death yak
 20432 | Lair:4   | Noticed a death yak
 20432 | Lair:4   | Noticed a death yak
 20432 | Lair:4   | Noticed a death yak
 20432 | Lair:4   | Noticed a death yak
 20452 | Lair:4   | Killed a death yak
 20453 | Lair:4   | Reached skill level 15 in Axes
 20453 | Lair:4   | Reached XP level 13. HP: 61/110 MP: 1/16
 22293 | Lair:4   | Found a staircase to the Snake Pit.
 22508 | Lair:4   | Reached ****** piety under Okawaru
 22929 | Lair:4   | Received a gift from Okawaru
 23376 | Lair:5   | Killed Kirke
 24194 | Lair:6   | Entered Level 6 of the Lair of Beasts
 24427 | Lair:6   | Found a staircase to the Slime Pits.
 24727 | Lair:6   | Received a gift from Okawaru
 24783 | Lair:6   | Reached skill level 16 in Axes
 25535 | Lair:6   | Noticed a fire dragon
 25557 | Lair:6   | Killed a fire dragon
 26085 | Lair:6   | Found a runed translucent door.
 26272 | Lair:6   | Reached XP level 14. HP: 72/120 MP: 6/18
 26657 | Lair:6   | Paralysed by a hornet for 2 turns
 26992 | Lair:6   | Reached skill level 10 in Armour
 27577 | Orc:1    | Entered Level 1 of the Orcish Mines
 27588 | Orc:1    | Found a dark tunnel.
 27599 | Volcano  | Entered a volcano
 27882 | Volcano  | Identified the +2 ring mail of Beyond {Str+4} (Okawaru
                  | gifted it to you in a volcano)
 27882 | Volcano  | Received a gift from Okawaru
 28185 | Volcano  | Noticed an orb of fire
 28250 | Volcano  | Noticed an orb of fire
 28692 | Orc:1    | Noticed Fannar
 29041 | Orc:1    | Killed Fannar
 29114 | Orc:1    | Reached skill level 17 in Axes
 29169 | Orc:1    | Noticed Nergalle
 29181 | Orc:1    | Killed Nergalle
 29485 | Orc:2    | Entered Level 2 of the Orcish Mines
 29679 | Orc:2    | Found a runed translucent door.
 29828 | Orc:2    | Found Vocir's General Store.
 30010 | Orc:2    | Found a staircase to the Elven Halls.
 30329 | Orc:2    | Noticed an orc warlord
 30357 | Orc:2    | Killed an orc warlord
 30374 | Orc:2    | Paralysed by an orc sorcerer for 2 turns
 30574 | Orc:2    | Found Demedgh's Antique Armour Boutique.
 30575 | Orc:2    | Found Hecwot's Antique Weapon Shop.
 30720 | Orc:2    | Found Bivoru's General Store.
 31082 | Orc:2    | Identified the +9 short sword of the Fray {vorpal, Drain
                  | rN+ Will+}
 31366 | D:12     | Identified the +1 barding of Inevitability {Stlth+}
                  | (Okawaru gifted it to you on level 12 of the Dungeon)
 31366 | D:12     | Received a gift from Okawaru
 32478 | D:13     | Reached XP level 15. HP: 118/130 MP: 17/20
 32681 | D:13     | Found a sparkling altar of Nemelex Xobeh.
 32694 | D:13     | Reached skill level 18 in Axes
 32943 | D:13     | Found a portal to a secret trove of treasure.
 34178 | D:14     | Received a gift from Okawaru
 34654 | D:14     | HP: 4/131 [orc priest/divine providence (17)]
 34655 | D:14     | Killed from afar by an orc priest

Illustrated notes

Levels and vault maps discovered:
D:1:      ncdulo_lavacross, layout_basic, minmay_tromino_mix6
D:2:      kennysheep_big_flooded_room, layout_basic, serial_corexii_hall,
          corexii_hall_statues_i, corexii_hall_statues_i
D:3:      layout_basic, yredelemnul_forgotten_temple_becter,
          shapermc_ecumenical_altar_acropolis, wad_floor_pattern_untrapped,
          chequers_jeans, uniq_sigmund
D:4:      layout_basic, uniq_robin, uniq_pargi, uniq_duvessa, uniq_blork_the_orc
D:5:      minmay_skewed_foursquare, layout_layer_cave, minmay_temple_entry_tees,
          serial_shops, nicolae_shop_waterfront, shop, nicolae_square_shop,
          nicolae_shop_bloodbath_and_beyond, nicolae_shop_crystal, serial_glass,
          glass_columns_b, glass_columns_c, minmay_strange_pillars,
          feat_on_display, doesnt_shop_hydraphobe, uniq_pikel,
          uniq_crazy_yiuf_cottage, uniq_grinder
D:6:      layout_cave_pools, mainiacjoe_overflow_24_doors,
          gammafunk_temple_overflow_claw, gammafunk_ghost_abyssal_escape,
          serial_shops, shop, nicolae_grassy_gnolls
D:7:      layout_gridville, mainiacjoe_overflow_boulevard,
          chequers_ossuary_entry_cave
D:8:      layout_loops_corners, old_standard_altar, ebering_ghost_rock_garden
D:9:      minmay_separated_statues, layout_irregular_city,
          nicolae_overflow_crystal_walls, kennysheep_orc_sif_temple
D:10:     layout_loops_cross, erik_orc_1, nicolae_straight_to_the_point,
          uniq_maggie
D:11:     kb_forest_paths, layout_loops_ring, lair_entry_dummy, tgw_xom
D:12:     layout_stronghold, hangedman_decor_lopped, corexii_hall_statues_i,
          minivault_8
D:13:     layout_basic, enter_trove_5, nemelex_xobeh_ov_fountains_minmay
D:14:     layout_roguey, hangedman_vaults_entry_quadrant_bands,
          gauntlet_entry_generic, minmay_strange_pillars
Temple:   nicolae_temple_god_jail
Lair:1:   layout_loops_ring
Lair:2:   layout_cave_pods, chequers_serial_rivers_small_3
Lair:3:   layout_gridlike, shoals_dummy_entry, tgw_fedhas
Lair:4:   layout_cave_pods, minmay_snake_entry_guardpost_large,
          nicolae_lair_run_with_the_wolves, infiniplex_staircase_pool
Lair:5:   layout_roguey, chequers_serial_rivers_micro_c,
          grunt_forest_small_clearings, uniq_kirke
Lair:6:   wormcave, layout_misc_corridors, guppyfry_lair_end_dragon,
          nicolae_slime_entry_slimehenge, nicolae_lair_grazing_beasts
          [nicolae_sub_lair_graze_edge, nicolae_sub_lair_graze_edge,
          nicolae_sub_lair_graze_edge, nicolae_sub_lair_graze_edge]
Orc:1:    layout_caves, nicolae_volcano_entry_hallway, uniq_nergalle,
          uniq_fannar
Orc:2:    grunt_orc_community_town_hall, layout_caves,
          grunt_orc_community_big_house_1, grunt_orc_community_big_house_2,
          grunt_orc_community_house_1, grunt_orc_community_house_1,
          grunt_orc_community_house_1, grunt_orc_community_house_1,
          lightli_church_of_beogh

Skill      XL: |  1  2  3  4  5  6  7  8  9 10 11 12 13 14 15 |
---------------+----------------------------------------------+-----
Axes           | 3 4 5 6 8 10 12 13 15 16 17 18 | 18.4
Armour         | 3 4 5 6 7 8 9 10 11 | 11.0
Shields        | 3 4 5 6 7 8 |  8.5
Fighting       | 4 5 6 7 8 10 11 12 13 | 13.0
Invocations    | 3 5 6 7 8 |  8.4

Action                   |  1- 3 |  4- 6 |  7- 9 | 10-12 | 13-15 || total
-------------------------+-------+-------+-------+-------+-------++-------
Melee: War axe           |   103 |    69 |   291 |   662 |    97 ||  1222
       Tailslap          |    10 |     9 |    49 |   112 |   150 ||   330
       Hand axe          |       |       |       |     6 |    14 ||    20
       Broad axe         |       |       |       |       |   808 ||   808
       Unarmed           |       |       |       |       |     2 ||     2
Invok: Heroism           |       |       |       |     1 |     4 ||     5
       Finesse           |       |       |       |       |     1 ||     1
 Abil: Rolling Charge    |    35 |    13 |    39 |   101 |   142 ||   330
Evoke: Wand              |       |       |       |     1 |     2 ||     3
  Use: Scroll            |     4 |       |     8 |    15 |     7 ||    34
       Potion            |     1 |       |     3 |     4 |    10 ||    18
 Stab: Confused          |       |       |       |     1 |       ||     1
Armor: Scale mail        |    77 |    31 |   159 |   311 |   204 ||   782
       Chain mail        |       |       |       |       |   255 ||   255
       Ice dragon scales |       |       |       |       |    40 ||    40
       Acid dragon scale |       |       |       |       |     5 ||     5
Dodge: Dodged            |    60 |    31 |    90 |   161 |   122 ||   464
Block: Buckler           |    25 |    15 |    47 |   137 |   266 ||   490
